 Dungeon Crawl Stone Soup version 0.27-a0-1591-gc56fcc985a (webtiles) character file.

Game seed: 15983975753715871004

8813 raph the Destroyer (level 11, -5/62 HPs)
             Began as a Deep Elf Conjurer on July 19, 2021.
             Was an Elder of Sif Muna.
             Collided with a stone wall (18 damage)
             ... caused by a rakshasa
             ... on level 9 of the Dungeon.
             The game lasted 00:29:04 (11661 turns).

raph the Destroyer (Deep Elf Conjurer)             Turns: 11661, Time: 00:29:04

Health: -5/62      AC:  8    Str: 13    XL:     11   Next: 14%
Magic:  3/25       EV: 14    Int: 32    God:    Sif Muna [****..]
Gold:   479        SH:  0    Dex: 14    Spells: 7/26 levels left

rFire    . . .     SeeInvis .   a - staff of conjuration
rCold    . . .     Faith    .   (no shield)
rNeg     . . .     Spirit   .   O - +0 troll leather armour
rPois    .         Reflect  .   (no helmet)
rElec    .         Harm     .   n - +1 cloak
rCorr    +         Rampage  .   F - +1 pair of gloves
Will     +....                  (no boots)
Stlth    ++........             q - amulet of magic regeneration
HPRegen  1.20/turn              d - +6 ring of strength
MPRegen  0.44/turn              f - ring "Seuveofi" {Drain rCorr Str+3 Int+6}

@: about to teleport
A: no striking features
a: Renounce Religion, Channel Magic, Forget Spell, Divine Exegesis


You were on level 9 of the Dungeon.
You worshipped Sif Muna.
Sif Muna was greatly pleased with you.
You visited 2 branches of the dungeon, and saw 10 of its levels.
You also visited: Sewer and Ossuary.

You collected 569 gold pieces.
You spent 90 gold pieces at shops.

Inventory:

Hand Weapons
 b - a +1 rapier of speed
 i - a +3 dagger of protection
 l - a +0 quarterstaff
 E - a +2 dagger of draining
 G - a +0 dagger
 J - a +4 long sword of freezing
Missiles
 M - a curare-tipped dart
Armour
 g - a +0 leather armour
 n - a +1 cloak (worn)
 F - a +1 pair of gloves (worn)
 O - a +0 troll leather armour (worn)
Magical Staves
 a - a staff of conjuration (weapon)
Jewellery
 d - a +6 ring of strength (left hand)
 f - the ring "Seuveofi" (right hand) {Drain rCorr Str+3 Int+6}
   (You acquired it in a sewer)

   [ring of intelligence]

   Str:       It affects your strength (+3).
   Int:       It affects your intelligence (+6).
   rCorr:     It protects you from acid and corrosion.
   Drain:     It drains your maximum health when unequipped.
 q - an amulet of magic regeneration (around neck)
 r - a +6 ring of dexterity
 H - a ring of poison resistance
 L - a ring of fire
Wands
 j - a wand of flame (47)
 k - a wand of iceblast (17)
 m - a wand of polymorph (37)
 s - a wand of digging (6)
Scrolls
 w - a scroll of magic mapping
 x - 5 scrolls of enchant weapon
 y - a scroll of teleportation
 A - a scroll of summoning
 K - 3 scrolls of identify
Potions
 c - 4 potions of heal wounds
 e - a potion of degeneration
 h - 2 potions of flight
 o - 4 potions of curing
 p - a potion of mutation
 u - a potion of berserk rage
 v - a potion of ambrosia {unknown}
 z - 2 potions of magic {unknown}
 B - a potion of lignification
 C - 2 potions of resistance {unknown}
 D - 3 potions of attraction {unknown}
 I - a potion of haste {unknown}
Miscellaneous
 N - a condenser vane


   Skills:
 + Level 4.4 Fighting
 + Level 7.3 Dodging
 - Level 3.3 Stealth
 + Level 8.1 Spellcasting
 + Level 10.0 Conjurations
 + Level 10.0 Hexes
 + Level 5.1 Translocations
 * Level 7.8 Invocations


You had 7 spell levels left.
You knew the following spells:

 Your Spells              Type           Power      Damage    Failure   Level
a - Magic Dart            Conj           100%       1d8       1%          1
b - Searing Ray           Conj           100%       3d7       1%          2
c - Dazzling Flash        Conj/Hex       100%       N/A       1%          3
d - Fulminant Prism       Conj/Hex       43%        3d20      1%          4
e - Iskenderun's Mystic   Conj/Tloc      75%        2d15      1%          4
f - Gell's Gravitas       Tloc           22%        N/A       1%          3
g - Slow                  Hex            67%        N/A       1%          2

Your spell library contained the following spells:

 Spells                   Type           Power      Damage    Failure   Level
 Apportation              Tloc           90%        N/A       1%          1
 Confusing Touch          Hex            67%        N/A       1%          3
 Lesser Beckoning         Tloc           22%        N/A       1%          3
 Teleport Other           Tloc           45%        N/A       1%          3
 Leda's Liquefaction      Hex/Erth       22%        N/A       6%          4
 Yara's Violent Unravell  Hex/Tmut       22%        3d10      17%         5
 Bolt of Magma            Conj/Fire/Erth 25%        4d12      32%         5
 Starburst                Conj/Fire      30%        8x6d9     67%         6
 Alistair's Intoxication  Tmut/Pois      8%         N/A       78%         5
 Borgnjor's Vile Clutch   Necr/Erth      6%         N/A       78%         5
 Eringya's Noxious Bog    Tmut/Pois      6%         N/A       100%        6
 Simulacrum               Ice/Necr       6%         N/A       100%        6
 Statue Form              Tmut/Erth      8%         N/A       100%        6
 Malign Gateway           Summ/Tloc      14%        N/A       100%        7


Dungeon Overview and Level Annotations

Branches:
Dungeon (9/15)             Temple (1/1) D:4            Lair (0/6) D:9
  Sewer (visited)         Ossuary (visited)
    Orc: D:9-12

Altars:
Ashenzari
Cheibriados
Elyvilon
Fedhas
Gozag
Hepliaklqana
Kikubaaqudgha
Makhleb
Nemelex Xobeh
Okawaru
Qazlal
Ru
Sif Muna
Trog
Uskayaw
Wu Jian
Xom
Yredelemnul
Zin
The Shining One

Shops:
D:4 =   D:7 *


Message History

You kill the rakshasa!
The searing ray misses the rakshasa.
The searing ray hits the rakshasa!
The rakshasa is severely wounded.
The rakshasa hits you from afar with a +0 glaive!
* * * LOW HITPOINT WARNING * * *
The searing ray hits the rakshasa.
The rakshasa is severely wounded.
The searing ray hits the rakshasa!
The rakshasa is almost dead.
A wizard comes into view.
It is wielding a +0 vorpal quarterstaff and wearing a +2 robe of willpower.
The rakshasa completely misses you.
The searing ray hits the rakshasa.
The rakshasa is severely wounded.
The searing ray hits the rakshasa!
You kill the rakshasa!
You finish channeling your searing ray.
The rakshasa blinks!
As you read the scroll of teleportation, it crumbles to dust.
You feel strangely unstable.
The rakshasa weaves an illusion.
The wizard shimmers and seems to become two!
You feel much better. The rakshasa gestures at you.
The lance of force hits you!
You are knocked back by the lance of force.
You slam into the stone wall!
* * * LOW HITPOINT WARNING * * *
Casting: Searing Ray (safe; 1% risk of failure)
Confirm with . or Enter, or press ? or * to list all spells.
Aiming: Searing Ray (safe; 1% risk of failure)
Press: ? - help, Shift-Dir - straight line, f - rakshasa
Aim: a rakshasa, wielding a +0 glaive and wearing a +0 leather armour (severely wounded, 74% to hit)
You feel a surge of power!
The searing ray hits the rakshasa!
The rakshasa is almost dead. (Press . to maintain the ray.)
The rakshasa gestures at you. The lance of force hits you.
* * * LOW HITPOINT WARNING * * *
You are knocked back by the lance of force.
You slam into the stone wall!
You die...

#####.....# #.>..#.).#
###.....(..#### ........>..##.##
#)......)..###†## .......)...#
##.## # .##...)#...# ##.#######
#.. .......#...# ##..R†..## #.R..
.##....#...# ##@######p##.[.#..
.##........# ##.## ####).......
.######....###.## ##..###.##..#
## #...<.##.## ##....####
####..#..#.## ##.).##..###
##.....#(.#.#####...###....###
##.........##.)....)## #.##...###
#..........#######...###.##.#...#
#..........##### ##...##......#..


You could see a rakshasa.

Vanquished Creatures
  A hydra (D:9)
  A two-headed ogre (D:9)
  Pikel (D:7)
  A manticore (D:9)
  A komodo dragon (D:9)
  A kobold demonologist (D:9)
  A meliai (D:9)
  A troll (D:9)
  3 hornets
  Grinder (D:3)
  A vampire (D:7)
  2 wyverns (D:9)
  2 steam dragons
  A vampire mosquito (D:9)
  Menkaure (D:7)
  Purgy (Sewer)
  Duvessa (D:7)
  An ice beast (D:6)
  A sky beast (D:7)
  2 orc warriors
  A black bear (D:7)
  A necrophage (D:6)
  3 ogres
  3 centaurs
  4 lemures (D:7)
  5 kobold brigands
  3 bullfrogs
  A gnoll sergeant (D:7)
  2 water moccasin zombies (D:5)
  Dowan (D:7)
  A troll zombie (Ossuary)
  4 howler monkeys
  8 wights
  A jelly (D:7)
  2 bullfrog zombies
  6 centaur zombies
  8 crimson imps (D:7)
  A bullfrog skeleton (D:5)
  A centaur skeleton (D:6)
  A gnoll shaman (D:9)
  2 orc priests
  2 iguanas
  Ijyb (D:3)
  Natasha (twice) (D:4)
  Terence (D:3)
  4 orc wizards
  2 killer bee zombies
  2 ogre zombies (Ossuary)
  2 hound skeletons
  7 mummies (Ossuary)
  3 howler monkey zombies (D:9)
  7 gnolls
  A howler monkey skeleton (D:6)
  8 adders
  2 white imps
  2 ufetubi (D:6)
  An adder zombie (Ossuary)
  2 worms
  4 dart slugs
  16 orcs
  3 bats (D:1)
  4 endoplasms
  4 giant cockroaches
  5 goblins
  11 hobgoblins
  4 jackals
  7 quokkas
  7 ball pythons
  3 frilled lizards
  A gnoll zombie (Ossuary)
  3 goblin zombies (Ossuary)
  5 hobgoblin zombies (Ossuary)
  32 kobolds
  4 kobold zombies (Ossuary)
  An orc zombie (Ossuary)
  A quokka skeleton (D:4)
  7 quokka zombies (Ossuary)
  7 rats
  3 rat zombies (Ossuary)
265 creatures vanquished.

Vanquished Creatures (others)
  A cane toad (shapeshifter) (D:8)
  59 fulminant prisms
  2 fungi (D:3)
  11 plants
73 creatures vanquished.

Grand Total: 338 creatures vanquished

Notes
Turn   | Place    | Note
-------+----------+-------------------------------------------
     0 | D:1      | raph the Deep Elf Conjurer began the quest for the Orb.
     0 | D:1      | Reached XP level 1. HP: 10/10 MP: 6/6
   318 | D:1      | Reached XP level 2. HP: 15/15 MP: 5/8
   347 | D:1      | Learned a level 2 spell: Searing Ray
  1282 | D:2      | Reached XP level 3. HP: 19/19 MP: 6/9
  1312 | D:2      | Learned a level 3 spell: Dazzling Flash
  1759 | D:2      | Reached skill level 5 in Conjurations
  2389 | D:3      | Found a glowing drain.
  2400 | D:3      | Reached XP level 4. HP: 24/24 MP: 7/11
  2450 | Sewer    | Entered a sewer
  2456 | Sewer    | Learned a level 4 spell: Fulminant Prism
  2590 | Sewer    | Noticed Purgy
  2596 | Sewer    | Identified a scroll of acquirement
  2596 | Sewer    | Acquired the ring "Seuveofi" {Drain rCorr Str+3 Int+6}
  2610 | Sewer    | Killed Purgy
  2611 | Sewer    | Reached XP level 5. HP: 28/28 MP: 2/12
  2789 | D:3      | Noticed an ogre
  2798 | D:3      | Killed an ogre
  2799 | D:3      | Reached XP level 6. HP: 32/32 MP: 6/13
  2910 | D:3      | Noticed Grinder
  2915 | D:3      | Killed Grinder
  2916 | D:3      | Reached skill level 5 in Hexes
  3015 | D:3      | Noticed Ijyb
  3023 | D:3      | Killed Ijyb
  3149 | D:3      | Found a faded altar of an unknown god.
  3640 | D:3      | Reached XP level 7. HP: 36/36 MP: 9/14
  3764 | D:3      | Noticed Terence
  3774 | D:3      | Killed Terence
  4031 | D:4      | Found a staircase to the Ecumenical Temple.
  4042 | D:4      | Noticed a hornet
  4046 | D:4      | Paralysed by a hornet for 1 turns
  4046 | D:4      | Killed a hornet
  4120 | D:4      | Noticed Natasha
  4124 | Temple   | Entered the Ecumenical Temple
  4300 | Temple   | Became a worshipper of Sif Muna the Loreminder
  4316 | D:4      | Killed Natasha
  4473 | D:4      | Noticed Natasha
  4476 | D:4      | Killed Natasha
  4719 | D:4      | Found Neoruijei's Jewellery Shop.
  4900 | D:5      | Entered Level 5 of the Dungeon
  5109 | D:5      | Reached skill level 1 in Invocations
  5109 | D:5      | Reached XP level 8. HP: 37/42 MP: 9/16
  5256 | D:5      | Reached * piety under Sif Muna
  5257 | D:5      | Reached skill level 1 in Fighting
  5426 | D:5      | Found a sand-covered staircase.
  5431 | Ossuary  | Entered an ossuary
  5735 | Ossuary  | Reached ** piety under Sif Muna
  6367 | D:5      | Found a bloodstained altar of Trog.
  6586 | D:6      | Learned a level 4 spell: Iskenderun's Mystic Blast
  6652 | D:6      | Reached skill level 5 in Spellcasting
  6760 | D:6      | Reached skill level 1 in Translocations
  7131 | D:6      | Learned a level 3 spell: Gell's Gravitas
  7381 | D:7      | Found a stormy altar of Qazlal.
  7381 | D:7      | Found a shimmering altar of Xom.
  7397 | D:7      | Reached XP level 9. HP: 48/48 MP: 16/19
  7581 | D:7      | Noticed Dowan
  7584 | D:7      | Killed Dowan
  7585 | D:7      | Noticed Duvessa
  7595 | D:7      | Killed Duvessa
  7596 | D:7      | Reached skill level 5 in Dodging
  7625 | D:7      | HP: 1/49 [wight (12)]
  8041 | D:7      | Noticed Menkaure
  8047 | D:7      | Noticed Pikel
  8047 | D:7      | Killed Menkaure
  8053 | D:7      | Killed Pikel
  8328 | D:7      | Found Quleff's General Store.
  8332 | D:7      | Bought a scroll of enchant armour for 90 gold pieces
  8353 | D:7      | Reached skill level 5 in Invocations
  8789 | D:7      | Identified the +4 war axe "Ijelafe" {vorpal, rPois Will-
                  | rCorr Int-5}
  9153 | D:7      | Reached *** piety under Sif Muna
  9249 | D:7      | Identified the +7 arbalest "Dejagyfu" {elec, Dex+6}
  9501 | D:8      | Found an ornate altar of the Wu Jian Council.
  9538 | D:8      | Learned a level 2 spell: Slow
  9568 | D:8      | Got the Compendium of Displaced Evil
  9763 | D:8      | Reached XP level 10. HP: 56/56 MP: 16/22
 10077 | D:8      | Noticed a tengu warrior
 10144 | D:8      | Noticed a two-headed ogre
 10144 | D:8      | Noticed a skeletal warrior
 10144 | D:8      | Noticed an eight-headed hydra
 10178 | D:8      | Noticed a death knight
 10179 | D:8      | Noticed a cane toad
 10186 | D:8      | Killed a cane toad
 10722 | D:9      | Reached **** piety under Sif Muna
 10813 | D:9      | Found a staircase to the Lair.
 10957 | D:9      | Noticed a two-headed ogre
 10961 | D:9      | Killed a two-headed ogre
 11099 | D:9      | Noticed an eight-headed hydra
 11105 | D:9      | Noticed a sun demon
 11105 | D:9      | Killed an eight-headed hydra
 11106 | D:9      | Reached XP level 11. HP: 61/61 MP: 5/24
 11202 | D:9      | Identified the +5 hand crossbow of Exoneration {elec, rF+++
                  | Int-3}
 11208 | D:9      | HP: 1/61 [meliai (9)]
 11213 | D:9      | Reached skill level 10 in Conjurations
 11320 | D:9      | Reached skill level 5 in Translocations
 11564 | D:9      | Reached skill level 10 in Hexes
 11610 | D:9      | Noticed a rakshasa
 11656 | D:9      | Noticed a wizard
 11661 | D:9      | Collided with a stone wall

Illustrated notes

Levels and vault maps discovered:
D:1:      scummos_arrival_simple_crosswalls, layout_basic, minmay_pentomino_x2
D:2:      layout_basic
D:3:      layout_loops_ring, portal_sewer_entry_f,
          shapermc_ecumenical_altar_mp_ritualfount, minmay_misc_feat_room,
          minmay_misc_feat_tiny, uniq_ijyb, uniq_grinder, uniq_terence
D:4:      layout_gridville, minmay_temple_entry_trees, serial_shops,
          kennysheep_little_box, uniq_natasha
D:5:      layout_rooms, trog_hazing_becter, enter_ossuary_5,
          hangedman_decor_push
D:6:      layout_loops_corners
D:7:      layout_loops_ring, jmf_multi_god_temple, serial_shops, shop,
          serial_park_tiny_1, minivault_10, minmay_nine_imps, uniq_duvessa,
          uniq_menkaure, uniq_pikel
D:8:      layout_basic, nicolae_wu_jian_wuxing_cycle, minivault_12
D:9:      minmay_the_grid_triangle_9x9_rhombus_full
          [minmay_the_grid_triangle_9x9_descending_squares,
          minmay_the_grid_triangle_9x9_swiss_cheese,
          minmay_the_grid_triangle_9x9_flanged_cone,
          minmay_the_grid_triangle_9x9_sprig,
          minmay_the_grid_triangle_9x9_minimal,
          minmay_the_grid_triangle_9x9_skeleton,
          minmay_the_grid_triangle_9x9_zippers_horizontal,
          minmay_the_grid_triangle_9x9_prize_center], layout_rooms,
          david_lair_shrubbed, serial_bayou_ford_a
Temple:   compressed_dpeg_circular_temple

Skill      XL: |  1  2  3  4  5  6  7  8  9 10 11 |
---------------+----------------------------------+-----
Stealth        | 3 |  3.3
Conjurations   | 5 6 7 8 9 10 | 10.0
Dodging        | 3 4 6 7 |  7.3
Hexes          | 3 4 5 7 8 9 10 | 10.0
Spellcasting   | 4 5 6 7 8 |  8.1
Invocations    | 1 3 5 7 |  7.8
Fighting       | 2 3 4 |  4.4
Translocations | 1 3 4 5 |  5.1

Action                   |  1- 3 |  4- 6 |  7- 9 | 10-12 || total
-------------------------+-------+-------+-------+-------++-------
Melee: Dagger            |     1 |     5 |     9 |       ||    15
 Cast: Magic Dart        |    48 |    15 |    41 |    12 ||   116
       Searing Ray       |    11 |    14 |    72 |    31 ||   128
       Fulminant Prism   |       |     3 |    38 |    18 ||    59
       Dazzling Flash    |       |       |     1 |       ||     1
       Iskenderun's Myst |       |       |     6 |    10 ||    16
       Slow              |       |       |       |     1 ||     1
  Use: Scroll            |       |     2 |    17 |     3 ||    22
       Potion            |       |       |     1 |     2 ||     3
 Stab: Sleeping          |       |       |     5 |       ||     5
Armor: Leather armour    |       |     3 |    21 |     5 ||    29
       Troll leather arm |       |       |       |     1 ||     1
Dodge: Dodged            |     6 |    13 |    36 |    26 ||    81

Table legend: (Time is in decaauts)
 A = Elapsed time spent in this place.
 B = Non-inter-level travel time spent in this place.
 C = Inter-level travel time spent in this place.
 D = Time resting spent in this place.
 E = Time spent auto-exploring this place.
 F = Levels seen in this place.
 G = Mean time per level.
                   A        B        C        D        E       F      G
               +--------+--------+--------+--------+--------+-----+--------+
         Total |  11691 |  10938 |    753 |   3393 |   5722 |  12 |  974.2 |
       Dungeon |  10362 |   9618 |    744 |   2809 |   5431 |   9 | 1151.3 |
        Temple |    186 |    177 |      9 |     41 |     71 |   1 |  186.0 |
         Sewer |    307 |    307 |      0 |    141 |     68 |   1 |  307.0 |
       Ossuary |    834 |    834 |      0 |    402 |    152 |   1 |  834.0 |
               +--------+--------+--------+--------+--------+-----+--------+

Top non-repeatable levels by time:
     D:7: 1616 daAuts
     D:3: 1387 daAuts
     D:1: 1264 daAuts
     D:6: 1215 daAuts
     D:9: 1154 daAuts
     D:2: 1073 daAuts
     D:8: 1033 daAuts
     D:4: 932 daAuts
 Ossuary: 834 daAuts
     D:5: 685 daAuts
   Sewer: 307 daAuts
  Temple: 186 daAuts
